Map: Orbital Shipyard

Players

Asheer - Winner!

  • Race: Zerg Zerg
  • League: Platinum

Siegemode

  • Race: Terran Terran
  • League: Platinum

VOD

Have the link to the VOD?

Description

Time

  • Played on: March 23, 2016, 1:36 a.m.
  • Length: 9:57
Show
View Real Time Build Order
Export as new Build Order

Asheer Zerg - Winner!

Build Orders: Hatch First 

Get SALT Encoding   

  12  0:01  Drone  
  13  0:12  Overlord  
  13  0:17  Drone  
  14  0:31  Drone x2  
  14  0:34  Drone  
  17  0:54  Hatchery  
  16  0:57  Drone  
  16  0:59  Drone  
  18  1:11  Extractor  
  18  1:15  Spawning Pool  
  18  1:18  Drone  
  17  1:21  Drone  
  18  1:28  Drone  
  19  1:38  Overlord  
  19  1:49  Drone  
  20  2:00  Drone  
  21  2:01  Queen  
  21  2:06  Queen  
  21  2:07  Zergling x2  
  26  2:11  Zergling x2  
  27  2:19  Metabolic Boost  
  27  2:22  Drone x2  
  29  2:30  Drone  
  29  2:32  Drone  
  31  2:50  Overlord  
  31  2:51  Drone x2  
  31  2:55  Drone, Hatchery  
  33  3:01  Drone  
  33  3:04  Drone  
  35  3:11  Drone  
  35  3:12  Drone x2  
  38  3:13  Overlord  
  38  3:22  Drone  
  38  3:24  Drone  
  40  3:37  Extractor  
  40  3:38  Extractor  
  40  3:39  Zergling x10  
  43  3:48  Roach Warren  
  42  3:50  Drone x3  
  42  3:51  Drone x3  
  42  3:52  Overlord  
  42  3:55  Drone  
  49  4:01  Drone  
  50  4:04  Drone  
  50  4:07  Drone  
  52  4:10  Evolution Chamber, Queen  
  52  4:15  Drone x3  
  52  4:16  Drone x2  
  58  4:17  Overlord  
  58  4:23  Lair  
  58  4:26  Drone  
  58  4:28  Drone  
  58  4:29  Drone  
  61  4:40  Zerg Missile Weapons Level 1  
  61  4:42  Roach x3  
  61  4:43  Roach  
  69  4:52  Drone x2, Overlord  
  71  4:55  Roach  
  73  5:01  Drone  
  73  5:04  Overlord x2  
  74  5:15  Drone x5  
  74  5:16  Drone x3  
  74  5:18  Overlord x2  
  82  5:22  Extractor  
  82  5:27  Ravager x5  
  86  5:30  Roach x2  
  90  5:35  Drone  
  90  5:36  Drone  
  90  5:38  Roach x2  
  90  5:41  Overlord x2  
  96  5:49  Roach  
  102  5:50  Roach x3  
  104  5:59  Roach  
  104  6:00  Roach x4  
  104  6:01  Overlord x2  
  114  6:08  Drone x5, Extractor  
  111  6:39  Roach x6  
  137  6:40  Roach x8  
  137  6:42  Overlord  
  137  6:48  Extractor  
  137  6:53  Queen  
  138  6:55  Drone x4  
  138  6:56  Hatchery, Zerg Ground Armor Level 1  
  138  7:00  Glial Reconstitution  
  141  7:06  Drone x3  
  141  7:07  Hatchery  
  141  7:08  Overlord x2  
  143  7:09  Roach  
  143  7:10  Roach  
  143  7:12  Ravager x3  
  143  7:14  Zergling x6  
  153  7:20  Evolution Chamber  
  152  7:28  Overlord x2  
  152  7:29  Roach x2  
  156  7:32  Ravager x3  
  156  7:34  Zergling x2  
  156  7:35  Zergling x14  
  156  7:36  Zergling x2  
  168  7:38  Overlord  
  168  7:45  Overlord x2  
  168  7:55  Roach x3  
  168  7:56  Roach x2  
  178  8:06  Roach x2  
  178  8:07  Roach  
  184  8:20  Queen  
  184  8:22  Zergling x8  
  148  8:47  Drone x4  
  148  8:48  Roach x5  
  158  8:49  Roach x11  
  158  8:50  Roach x2  
  178  8:56  Queen  
  156  9:03  Roach x8  
  151  9:34  Extractor  
  151  9:36  Extractor  
  146  9:54  Infestation Pit  
Show
View Real Time Build Order
Export as new Build Order

Siegemode Terran 

Build Orders: Command Center First (CC), MMM Bio 

Get SALT Encoding   

  12  0:00  SCV  
  13  0:12  SCV  
  14  0:20  Supply Depot  
  14  0:25  SCV  
  15  0:42  SCV  
  16  0:54  SCV  
  17  0:59  Command Center  
  17  1:06  SCV  
  18  1:13  Barracks  
  18  1:24  Barracks  
  18  1:27  SCV  
  19  1:38  Refinery  
  19  1:39  SCV  
  20  1:47  Barracks  
  20  1:52  SCV  
  21  2:00  Marine  
  22  2:07  Orbital Command  
  22  2:14  Orbital Command  
  22  2:20  Marine  
  23  2:27  Refinery  
  23  2:34  Barracks Tech Lab  
  23  2:47  SCV  
  23  2:48  Marine  
  23  2:49  Marine  
  25  2:57  Marine  
  26  3:00  SCV x2  
  28  3:05  Factory  
  28  3:12  SCV x2  
  30  3:14  Marine  
  30  3:15  Marine  
  30  3:17  Marauder  
  34  3:24  SCV, Supply Depot  
  34  3:27  Stimpack  
  35  3:29  SCV  
  35  3:34  Supply Depot  
  36  3:36  SCV  
  36  3:37  Marine  
  38  3:45  Marine  
  38  3:46  Marauder  
  41  3:51  Starport  
  41  3:56  Factory Reactor  
  41  3:59  SCV x2  
  41  4:00  Marine  
  44  4:04  Refinery  
  44  4:11  SCV x2  
  44  4:13  Marine  
  44  4:15  Marauder  
  49  4:21  Marine  
  49  4:23  SCV  
  51  4:27  Supply Depot  
  51  4:29  Supply Depot  
  51  4:41  Marine, Marauder  
  54  4:48  Marine, Medivac x2  
  59  4:53  Supply Depot  
  60  5:00  SCV x2  
  60  5:03  Marauder  
  60  5:04  Marine  
  64  5:13  Engineering Bay  
  64  5:27  Combat Shields  
  64  5:28  Marine x2, Marauder  
  68  5:39  Barracks  
  68  5:41  Barracks  
  68  5:46  Barracks  
  68  5:48  Marine x2  
  70  5:57  Supply Depot  
  54  6:40  Marine, Marauder, Reaper  
  54  6:43  Barracks Tech Lab  
  54  6:44  Barracks Tech Lab  
  54  6:46  Barracks Reactor  
  58  6:52  Medivac x2  
  62  6:54  Concussive Shells  
  62  6:58  Marine  
  62  6:59  Terran Infantry Weapons Level 1  
  63  7:02  Marauder  
  63  7:06  SCV x2  
  63  7:08  Engineering Bay  
  67  7:12  Marine  
  68  7:15  Marine  
  68  7:18  Marine, Marauder  
  72  7:23  Marauder, SCV x2  
  76  7:30  Marine, Supply Depot  
  76  7:36  Marauder  
  79  7:43  Marine, Medivac x2  
  79  7:44  Marauder  
  86  7:51  Marine x3  
  86  7:52  Marauder  
  86  7:58  Marauder  
  93  8:00  Supply Depot x2  
  93  8:01  Marine  
  93  8:05  Marauder  
  96  8:08  Command Center  
  96  8:09  Marine x2  
  96  8:10  Marine  
  99  8:13  Marine  
  99  8:19  Marine, Marauder  
  103  8:27  Armory  
  103  8:31  Missile Turret  
  99  8:44  Marine x3, Marauder  
  99  8:45  Marauder x2, Marine  
  97  9:02  Marine x2  
  76  9:06  Marauder  
  57  9:17  Marine x2, Marauder  
  57  9:18  Marauder  
  57  9:19  Marine  
  62  9:27  Marauder  
  62  9:30  Marine  
  62  9:33  SCV  
Tags
 
Add a new tag
Caveats
  • Supply blocks, unpowered buildings, or Contaminate may cause inaccurate times.
  • Supply counts are checked every 10 seconds.